 Dungeon Crawl Stone Soup version 0.20-a0-540-ge6d1839 (webtiles) character file.

283 Devintownsend the Chopper (level 6, -5/53 HPs)
             Began as a Minotaur Fighter on Jan 30, 2017.
             Slain by Grinder (8 damage)
             ... while paralysed by Grinder
             ... on level 4 of the Dungeon.
             The game lasted 00:06:12 (2858 turns).

Devintownsend the Chopper (Minotaur Fighter)        Turns: 2858, Time: 00:06:12

Health: -5/53      AC:  8    Str: 22    XL:     6   Next: 7%
Magic:  5/5        EV:  2    Int:  5    God:
Gold:   64         SH:  0    Dex: 10    Spells: 5/5 levels left

rFire    . . .     SeeInvis .   a - +0 war axe
rCold    . . .     Gourm    .   b - +0 scale mail
rNeg     . . .     Faith    .   c - +0 shield
rPois    .         Spirit   .   (helmet restricted)
rElec    .         Reflect  .   (no cloak)
rCorr    .         Harm     .   (no gloves)
MR       .....                  m - +0 pair of boots
Stlth    ..........             (no amulet)
Regen    0.2/turn               (no ring)
                                l - ring of flight

@: paralysed
A: retaliatory headbutt, horns 2
a: Evoke Flight


You were on level 4 of the Dungeon.
You were not hungry.

You visited 1 branch of the dungeon, and saw 4 of its levels.

You collected 64 gold pieces.

Inventory:

Hand Weapons
 a - a +0 war axe (weapon)
Armour
 b - a +0 scale mail (worn)
 c - a +0 shield (worn)
 m - a +0 pair of boots (worn)
Jewellery
 l - a ring of flight (left hand)
 n - an uncursed ring of magical power {unknown}
Scrolls
 g - 4 scrolls of remove curse {unknown}
 h - 6 scrolls of identify {unknown}
 j - a scroll of enchant armour {unknown}
 o - a scroll of enchant weapon {unknown}
 p - a scroll of teleportation {unknown}
Potions
 d - a potion of might
 e - a potion of invisibility {unknown}
 k - 3 potions of curing {unknown}
 q - a potion of degeneration {unknown}
 s - a potion of haste {unknown}
 t - a potion of mutation {unknown}
Comestibles
 f - 2 bread rations
 i - a meat ration


   Skills:
 + Level 4.6 Fighting
 + Level 5.1 Axes
 + Level 4.8 Armour
 + Level 5.1 Shields


You had 5 spell levels left.
You didn't know any spells.

Dungeon Overview and Level Annotations

Branches:
Dungeon (4/15)
 Temple: D:4-7

Altars:
Cheibriados

Annotations:
D:4 Grinder


Innate Abilities, Weirdness & Mutations

You reflexively headbutt those who attack you in melee.
You have a pair of horns on your head.


Message History

Grinder is heavily wounded.
Grinder hits you.
You writhe in agony.
Grinder blinks!
Grinder gestures at you. Pain shoots through your body!
* * * LOW HITPOINT WARNING * * *
Grinder hits you!
* * * LOW HITPOINT WARNING * * *
You writhe in agony.
* * * LOW HITPOINT WARNING * * *
You closely miss Grinder. You headbutt Grinder.
Grinder is severely wounded.
Grinder hits you but does no damage.
You slash Grinder! You headbutt Grinder, but do no damage.
Grinder is almost dead.
Grinder hits you but does no damage.
You closely miss Grinder.
Grinder is almost dead.
Grinder gestures at you.
You suddenly lose the ability to move!
Grinder hits you!
You die...

...... #.# #.###### #....
#.# #....... #.... #.#
#....... #.... #.# #.......
##....#######.#####.......
#.........##..............
#.......†..................
.........5...........^.....
..........@.............#..
...............######...#..
##############.# #...#..
#.# #...#.. #.# #...##. #.#
####### #<# #.# #.#


You could see Grinder.

Vanquished Creatures
  2 scorpions
  A howler monkey (D:3)
  A worker ant (D:4)
  5 adders
  5 worms
  A dart slug (D:3)
  A leopard gecko (D:4)
  2 giant cockroaches
  10 goblins
  4 hobgoblins
  11 jackals
  A quokka (D:3)
  A ball python (D:1)
  4 bats
  2 frilled lizards
  8 kobolds
  4 rats
63 creatures vanquished.

Notes
Turn   | Place    | Note
-------+----------+-------------------------------------------
     0 | D:1      | Devintownsend the Minotaur Fighter began the quest for the Orb.
     0 | D:1      | Reached XP level 1. HP: 19/19 MP: 0/0
   306 | D:1      | Reached XP level 2. HP: 27/27 MP: 1/1
   375 | D:1      | You fall through a shaft!
   907 | D:2      | Reached XP level 3. HP: 28/33 MP: 2/2
  1499 | D:2      | Reached XP level 4. HP: 32/40 MP: 3/3
  1637 | D:3      | Found a snail-covered altar of Cheibriados.
  2000 | D:3      | Reached XP level 5. HP: 29/46 MP: 4/4
  2470 | D:3      | Reached skill level 5 in Shields
  2826 | D:4      | Reached skill level 5 in Axes
  2826 | D:4      | Reached XP level 6. HP: 53/53 MP: 5/5
  2827 | D:4      | Noticed Grinder
  2828 | D:4      | Paralysed by Grinder for 6 turns
  2835 | D:4      | Paralysed by Grinder for 3 turns
  2858 | D:4      | Paralysed by Grinder for 3 turns
  2858 | D:4      | Slain by Grinder

Vault maps used:
D:1:      minmay_arrival_stair_chambers, minmay_large_rounded_square,
          minmay_curled_crystal
D:2:      minmay_tromino_mix6
D:3:      cheibriados_altar_1, serial_co_window_serial,
          co_window_of_opportunity_a, co_window_paths_a, co_window_cross_1,
          co_window_paths_a, co_window_paths_b, co_window_paths_b,
          co_window_of_opportunity_a, co_window_corner_a,
          co_window_of_opportunity_a, co_window_unsneaky_path_d,
          co_window_broadway_b, co_window_corner_b, co_window_sun,
          glass_columns_c, glass_columns_c, glass_columns_a
D:4:      old_standard_altar, old_standard_altar,
          nicolae_overflow_crystal_walls, kennysheep_nub, uniq_natasha,
          uniq_grinder

Skill      XL: |  1  2  3  4  5 |
---------------+----------------+-----
Shields        | 4 5 |  5.1
Axes           | 3 4 5 |  5.1
Armour         | 4 |  4.8
Fighting       | 4 |  4.6

Action                   |  1- 3 |  4- 6 || total
-------------------------+-------+-------++-------
Melee: War axe           |   106 |    98 ||   204
       Headbutt          |    10 |    24 ||    34
  Use: Potion            |     2 |       ||     2
  Eat: Chunk             |     2 |       ||     2
       Bread ration      |       |     1 ||     1
Armor: Scale mail        |    45 |    47 ||    92
       Skin              |     4 |       ||     4
Dodge: Dodged            |    26 |    24 ||    50
Block: Shield            |    49 |    47 ||    96
